 Dungeon Crawl Stone Soup version 0.29.0-4-gdea44cf6ec (webtiles) character file.

Game seed: 4903983257546635036

92 qw the Sneak (level 4, -4/28 HPs)
             Began as a Gargoyle Delver on Sept 10, 2022.
             Slain by a wight
             ... wielding a +1 mace of freezing
              (7 damage)
             ... on level 5 of the Dungeon.
             The game lasted 00:00:08 (310 turns).

qw the Sneak (Gargoyle Delver)                       Turns: 310, Time: 00:00:09

Health: -4/28      AC:  6    Str: 18    XL:     4   Next: 60%
Magic:  4/4        EV: 11    Int: 10    God:
Gold:   18         SH:  0    Dex: 11    Spells: 3/3 levels left

rFire   . . .      SeeInvis .   a - +0 hand axe
rCold   . . .      Faith    .   (no shield)
rNeg    + . .      Spirit   .   b - +0 leather armour
rPois   inf        Reflect  .   (no helmet)
rElec   +          Harm     .   (no cloak)
rCorr   .          Rampage  .   (no gloves)
Will    .....                   (no boots)
Stlth   +++.......              (no amulet)
HPRegen 0.09/turn               (no ring)
MPRegen 0.09/turn               (no ring)

@: no status effects
A: sickness immunity, AC +3, negative energy resistance 1, electricity
resistance, torment resistance 1, petrification resistance
a: no special abilities


You were on level 5 of the Dungeon.
You visited 1 branch of the dungeon, and saw 1 of its levels.

You collected 18 gold pieces.


Innate Abilities, Weirdness & Mutations

You are immune to sickness and miasma.
Your stone body is resilient. (AC +3)
You are immune to poison.
You resist negative energy. (rN+)
You are resistant to electric shocks. (rElec)
You are resistant to unholy torment.
You are immune to petrification.


   Skills:
 - Level 3.2 Fighting
 + Level 4.2 Axes
 - Level 1.5 Dodging
 - Level 5.4 Stealth


You had 3 spell levels left.
You didn't know any spells.
Your spell library was empty.

Inventory:

Hand Weapons
 a - a +0 hand axe (weapon)
Missiles
 j - a boomerang (quivered)
Armour
 b - a +0 leather armour (worn)
Jewellery
 i - a +6 ring of dexterity
Wands
 g - a wand of digging (3)
Scrolls
 c - a scroll of fog
 d - a scroll of magic mapping
 e - a scroll of fear
 h - a scroll of teleportation {unknown}
Potions
 f - a potion of haste
 k - a potion of mutation {unknown}

Dungeon Overview and Level Annotations

Branches:
Dungeon (5/15)
 Temple: D:4-7

Altars:


Message History

HP restored.
Things that are here:
a +2 short sword; a +0 robe
k - a smoky green potion A wight comes into view.
It is wielding a +1 mace of freezing.
Enter note:
297 ||| Stepping ~*~*~tactically~*~*~ (stealth).
299 ||| Stepping ~*~*~tactically~*~*~ (stealth).
Throw: boomerang
Press: ? - help, Q - select action Shift-Dir - straight line, f - wight You throw a boomerang.
The boomerang closely misses the wight.
Throw: boomerang
Press: ? - help, Q - select action Shift-Dir - straight line, f/p - wight You throw a boomerang.
The boomerang hits the wight but does no damage.
The wight hits you with a +1 mace of freezing!
The wight freezes you.
You see here a cyan potion.
You closely miss the wight. The wight barely misses you.
You hit the wight but do no damage. The wight misses you.
You closely miss the wight. The wight closely misses you.
The wight hits you but does no damage.
You hit the wight.
The wight is moderately damaged.
The wight hits you with a +1 mace of freezing.
The wight freezes you.
You hit the wight but do no damage.
The wight is moderately damaged.
The wight hits you with a +1 mace of freezing.
The wight freezes you.
You hit the wight but do no damage.
The wight is moderately damaged.
The wight hits you with a +1 mace of freezing.
The wight freezes you.
You hit the wight but do no damage.
The wight is moderately damaged.
The wight hits you with a +1 mace of freezing!
You die...

## ############# ##.#
####...........#
#.#.##....#########.###
.........## #....
...#...#.## #####.###
#......# #.....#
#....#@#..#####.###.###
##.#...z...............
# ###.########.####...
#.# #.# #.## #.# #.#
#.# #.# #.####.# #.#
#...##.# #.# #.###.#.##
#. #.)...


You could see a wight.

Vanquished Creatures
  A wight (D:5)
  A howler monkey (D:5)
  An orc (D:5)
3 creatures vanquished.

Notes
Turn   | Place    | Note
-------+----------+-------------------------------------------
     0 | D:5      | qw the Gargoyle Delver began the quest for the Orb.
     0 | D:5      | Reached XP level 1. HP: 14/14 MP: 1/1
     0 | D:5      | 0 ||| qw: Version: 0.1-a-117-gfe26ee0
     0 | D:5      | 0 ||| qw: Game counter: 9642
     0 | D:5      | 0 ||| qw: Always use a shield: true
     0 | D:5      | 0 ||| qw: God list: Okawaru
     0 | D:5      | 0 ||| qw: Allow faded altars: false
     0 | D:5      | 0 ||| qw: Do Orc after D:15 true
     0 | D:5      | 0 ||| qw: Do second Lair branch before Depths: true
     0 | D:5      | 0 ||| qw: Lair rune preference: random
     0 | D:5      | 0 ||| qw: Plans: Normal
     0 | D:5      | 0 ||| PLANNING D:1-11
    29 | D:5      | Noticed a howler monkey
    47 | D:5      | Killed a howler monkey
    48 | D:5      | Reached skill level 3 in Axes
    48 | D:5      | Reached XP level 2. HP: 17/19 MP: 2/2
    48 | D:5      | Reached XP level 3. HP: 21/23 MP: 3/3
   113 | D:5      | Noticed a wight
   114 | D:5      | 114 ||| Stepping ~*~*~tactically~*~*~ (stealth).
   115 | D:5      | 115 ||| Stepping ~*~*~tactically~*~*~ (stealth).
   115 | D:5      | Noticed a wight
   116 | D:5      | 116 ||| Stepping ~*~*~tactically~*~*~ (stealth).
   117 | D:5      | 117 ||| Stepping ~*~*~tactically~*~*~ (stealth).
   118 | D:5      | 118 ||| Stepping ~*~*~tactically~*~*~ (stealth).
   138 | D:5      | Killed a wight
   139 | D:5      | Reached XP level 4. HP: 16/28 MP: 4/4
   297 | D:5      | 297 ||| Stepping ~*~*~tactically~*~*~ (stealth).
   299 | D:5      | 299 ||| Stepping ~*~*~tactically~*~*~ (stealth).
   308 | D:5      | HP: 7/28 [wight/+1 mace of freezing (2)]
   309 | D:5      | HP: 3/28 [wight/+1 mace of freezing (1)]
   310 | D:5      | Slain by a wight

Levels and vault maps discovered:
D:5:      layout_loops_ring, minmay_temple_entry_drinking_statues

Skill      XL: |  1  2  3 |
---------------+----------+-----
Axes           | 3 4 |  4.2
Fighting       | |  3.2
Dodging        | |  1.5
Stealth        | |  5.4

Action                   |  1- 3 |  4- 6 || total
-------------------------+-------+-------++-------
Melee: Hand axe          |    30 |     7 ||    37
Throw: Boomerang         |     1 |     2 ||     3
Armor: Leather armour    |    12 |     1 ||    13
Dodge: Dodged            |    20 |     3 ||    23

Table legend:
 A = Non-vault XP
 B = Vault XP
 C = Vault XP percentage of total XP
 D = Non-vault monster count
 E = Vault monster count
 F = Vault count percentage of total count
                 A         B        C        D         E       F
            +---------+---------+-------+---------+---------+-------
      Total |     132 |       0 |   0.0 |       3 |       0 |   0.0
            +---------+---------+-------+---------+---------+-------
        D:5 |     132 |       0 |   0.0 |       3 |       0 |   0.0
            +---------+---------+-------+---------+---------+-------
